 Dungeon Crawl Stone Soup version 0.30-a0-777-ga9a30cbeda (webtiles) character file.

Game seed: 5081322147342883919

61 Barriton the Gusty (level 3, -1/26 HPs)
             Began as a Draconian Air Elementalist on Feb 13, 2023.
             Succumbed to a scorpion's poison
             ... on level 4 of the Dungeon.
             The game lasted 00:04:38 (2831 turns).

Barriton the Gusty (Draconian Air Elementalist)     Turns: 2831, Time: 00:04:38

Health: -1/26      AC:  5    Str: 10    XL:     3   Next: 83%
Magic:  0/6        EV: 12    Int: 17    God:
Gold:   132        SH:  0    Dex: 11    Spells: 4/7 levels left

rFire   . . .      SeeInvis .    (no weapon)
rCold   . . .      Faith    .    (no shield)
rNeg    . . .      Spirit   .    (body armour unavailable)
rPois   .          Reflect  .    (helmet restricted)
rElec   .          Harm     .    (no cloak)
rCorr   .          Rampage  .    (no gloves)
Will    .....                    (no boots)
Stlth   ++                       (no amulet)
HPRegen 0.24/turn                (no ring)
MPRegen 0.10/turn                (no ring)

@: lethally poisoned (-1 -> -7), very slightly contaminated
A: AC +5, unfitting armour, cold-blooded
a: no special abilities


You were on level 4 of the Dungeon.
You visited 1 branch of the dungeon, and saw 4 of its levels.

You collected 132 gold pieces.

Inventory:

Armour
 b - a +0 pair of gloves
Jewellery
 i - an amulet of regeneration
 o - a ring of magical power
Wands
 m - a wand of paralysis (10)
Scrolls
 g - a scroll of enchant weapon
Potions
 a - a potion of magic
 c - a potion of attraction
 d - 2 potions of heal wounds
 e - a potion of haste {unknown}
 f - 2 potions of lignification {unknown}
 h - a potion of mutation {unknown}
 j - a potion of ambrosia {unknown}
 k - 2 potions of cancellation {unknown}
 l - a potion of curing


   Skills:
 + Level 2.2 Dodging
 + Level 2.2 Stealth
 + Level 0.1 Unarmed Combat
 + Level 2.6 Spellcasting
 + Level 1.7 Conjurations
 + Level 3.4 Air Magic


You had 4 spell levels left.
You knew the following spells:

 Your Spells              Type           Power      Damage    Failure   Level
a - Shock                 Conj/Air       44%        1d5       6%          1
b - Static Discharge      Conj/Air       22%        2-3/arc   10%         2

Your spell library contained the following spells:

 Spells                   Type           Power      Damage    Failure   Level
 Swiftness                Air            14%        N/A       13%         3
 Airstrike                Air            7%         2d(1-17)  41%         4
 Summon Forest            Summ/Tloc      1%         N/A       99%         5
 Summon Mana Viper        Hex/Summ       2%         N/A       99%         5
 Summon Cactus Giant      Summ           1%         N/A       100%        6


Dungeon Overview and Level Annotations

Branches:
Dungeon (4/15)
 Temple: D:4-7

Altars:

Annotations:
D:4 Dowan, Duvessa


Innate Abilities, Weirdness & Mutations

Your plain brown scales are hard. (AC +5)
You cannot fit into any form of body armour.
You are cold-blooded and may be slowed by cold attacks.


Message History

The scorpion is almost dead.
The scorpion closely misses you.
You barely miss the scorpion.
The scorpion is severely wounded.
The scorpion stings you.
You hit the scorpion but do no damage.
The scorpion is severely wounded.
The scorpion stings you. The scorpion barely misses you.
You hit the scorpion but do no damage.
The scorpion is severely wounded.
The scorpion closely misses you.
You hit the scorpion but do no damage.
The scorpion is severely wounded.
The scorpion stings you but does no damage.
You hit the scorpion but do no damage.
The scorpion is severely wounded.
The scorpion stings you but does no damage.
Casting: Static Discharge (safe; 10% risk of failure)
Confirm with . or Enter, or press ? or * to list all spells.
Aiming: Shock (safe; 6% risk of failure)
Press: ? - help, Shift-Dir - straight line, f/p - scorpion
Aim: a scorpion (severely wounded, 68% to hit)
You miscast Shock.
You are very lightly contaminated with residual magic.
Nothing appears to happen.
The scorpion stings you.
You are poisoned.
The scorpion poisons you!
You barely miss the scorpion.
You tail-slap the scorpion, but do no damage.
The scorpion is severely wounded.
You feel very sick. The scorpion misses you. The scorpion closely misses you.
You hit the scorpion but do no damage.
The scorpion is severely wounded.
* * * LOW HITPOINT WARNING * * *
You feel sick. The scorpion stings you.
* * * LOW HITPOINT WARNING * * *
You hit the scorpion but do no damage.
Your tail-slap misses the scorpion.
The scorpion is severely wounded.
You die...

######.##
##########<.......
...........###....
...........###.# .
......s@.......#
...........###...
...........# .
...##.###.... ..
... #.##).. . >...
#.#


PPP. .... #~~ ~PP .... ~~ ~~ You could see a scorpion.

Vanquished Creatures
  An adder (D:2)
  An ufetubus (D:4)
  2 dart slugs
  4 ball pythons
  5 endoplasms
  A giant cockroach (D:1)
  4 goblins (D:1)
  3 hobgoblins
  4 quokkas
  4 bats
  4 frilled lizards (D:1)
  5 kobolds
  3 rats
41 creatures vanquished.

Vanquished Creatures (others)
  9 plants (D:3)
9 creatures vanquished.

Grand Total: 50 creatures vanquished

Notes
Turn   | Place    | Note
-------+----------+-------------------------------------------
     0 | D:1      | Barriton the Draconian Air Elementalist began the quest for
                  | the Orb.
     0 | D:1      | Reached XP level 1. HP: 14/14 MP: 3/3
   445 | D:1      | Reached XP level 2. HP: 18/20 MP: 0/5
   603 | D:1      | Learned a level 2 spell: Static Discharge
  1617 | D:2      | Reached XP level 3. HP: 23/26 MP: 0/6
  2768 | D:4      | Noticed Duvessa
  2769 | D:4      | Noticed Dowan
  2816 | D:4      | Noticed a scorpion
  2830 | D:4      | HP: 1/26 [scorpion (6)]
  2831 | D:4      | Succumbed to a scorpion's poison

Illustrated notes

Levels and vault maps discovered:
D:1:      dpeg_arrival_yet_another_circle, layout_basic, patterned_corridor
D:2:      layout_basic, minmay_misc_feat_four_crosses
D:3:      layout_rooms, serial_bayou_lagoon_a
D:4:      minmay_recursive_quarters, layout_basic, serial_bayou_pond_c,
          uniq_duvessa

Skill      XL: |  1 |
---------------+----+-----
Dodging        | 2 |  2.2
Stealth        | 2 |  2.2
Unarmed Combat | |  0.1
Spellcasting   | |  2.6
Conjurations   | |  1.7
Air Magic      | |  3.4

Action                     || total
---------------------------++-------
  Melee: Unarmed           ||    21
         Tailslap          ||     4
         Punch             ||     1
   Cast: Shock             ||    79
         Static Discharge  ||    12
    Use: Scroll            ||     5
 Armour: Skin              ||     7
  Dodge: Dodged            ||    24

Table legend: (Time is in decaauts)
 A = Elapsed time spent in this place.
 B = Non-inter-level travel time spent in this place.
 C = Inter-level travel time spent in this place.
 D = Time resting spent in this place.
 E = Time spent auto-exploring this place.
 F = Levels seen in this place.
 G = Mean time per level.
                   A        B        C        D        E       F      G
               +--------+--------+--------+--------+--------+-----+--------+
         Total |   2837 |   2837 |      0 |     25 |   2497 |   4 |  709.2 |
       Dungeon |   2837 |   2837 |      0 |     25 |   2497 |   4 |  709.2 |
               +--------+--------+--------+--------+--------+-----+--------+

Top non-repeatable levels by time:
     D:1: 1499 daAuts
     D:2: 809 daAuts
     D:3: 502 daAuts
     D:4: 26 daAuts
